 Dungeon Crawl Stone Soup version 0.20-a0-1124-g2e29d97 (webtiles) character file.

117810 Lochraine the Basher (level 16, -17/88 HPs)
             Began as a Vine Stalker Assassin on May 14, 2017.
             Was the Champion of Yredelemnul.
             Killed from afar by Nikola (28 damage)
             ... with a chain lightning
             ... on level 3 of the Swamp on May 15, 2017.
             The game lasted 01:28:31 (24022 turns).

Lochraine the Basher (Vine Stalker Assassin)       Turns: 24022, Time: 01:28:31

Health: -17/88     AC: 27    Str: 19    XL:     16   Next: 75%
Magic:  0/25       EV: 14    Int: 11    God:    Yredelemnul [******]
Gold:   1622       SH:  7    Dex: 18    Spells: 15/15 levels left

rFire    + . .     SeeInvis +   y - +9 demon whip (drain)
rCold    . . .     Gourm    .   x - +2 buckler
rNeg     . . .     Faith    .   U - +8 plate armour {rF+}
rPois    +         Spirit   +   O - +0 helmet
rElec    .         Reflect  .   I - scarf "Wetem" {rPois SInv}
rCorr    .         Harm     .   Z - +1 pair of gloves
MR       ++...                  (no boots)
Stlth    ..........             J - amulet of rage
Regen    1.1/turn               E - +4 ring of evasion
MPRegen  0.2/turn               S - +4 ring of slaying

@: hasted, wreathed by umbra, very quick
A: fangs 3, regeneration 2, magic shield, antimagic bite, no potion heal 3, rot
immunity
a: Recall Undead Slaves, Injury Mirror, Animate Dead, Drain Life, Enslave Soul,
Renounce Religion, Evoke Berserk Rage


You were on level 3 of the Swamp.
You worshipped Yredelemnul.
Yredelemnul was exalted by your worship.
You were very hungry.

You visited 5 branches of the dungeon, and saw 27 of its levels.
You visited the Abyss 1 time.

You collected 2601 gold pieces.
You spent 979 gold pieces at shops.

Inventory:

Hand Weapons
 y - a +9 demon whip of draining (weapon)
   (You acquired it on level 2 of the Lair of Beasts)
Missiles
 M - 4 throwing nets (quivered) {!f}
Armour
 x - a +2 buckler (worn)
   (You took it off a spriggan on level 6 of the Lair of Beasts)
 B - a scarf of repulsion
   (You bought it in a shop on level 4 of the Dungeon)
 I - the scarf "Wetem" (worn) {rPois SInv}
   (You acquired it on level 13 of the Dungeon)

   It protects you from poison.
   It lets you see invisible.
 O - a +0 helmet (worn)
   (You bought it in a shop on level 7 of the Dungeon)
 U - a +8 plate armour of fire resistance (worn)
   (You found it on level 6 of the Lair of Beasts)
 Z - a +1 pair of gloves (worn)
   (You found it on level 2 of the Dungeon)
Jewellery
 i - an uncursed ring of protection from cold
   (You found it on level 2 of the Dungeon)
 E - a +4 ring of evasion (left hand)
   (You found it on level 4 of the Dungeon)
 J - an amulet of rage (around neck)
   (You found it on level 3 of the Lair of Beasts)
 S - a +4 ring of slaying (right hand)
   (You found it on level 14 of the Dungeon)
Wands
 c - a wand of disintegration (1/24)
   (You took it off Psyche on level 11 of the Dungeon)
 d - a wand of iceblast (4/15)
   (You found it on level 2 of the Swamp)
 f - a wand of lightning (5/15)
   (You found it on level 1 of the Lair of Beasts)
 p - a wand of polymorph (7/24)
   (You found it on level 7 of the Dungeon)
 r - a wand of acid (0/15)
   (You found it on level 2 of the Lair of Beasts)
 u - a wand of paralysis (4/24)
   (You found it on level 10 of the Dungeon)
 C - a wand of lightning (9/15)
   (You found it on level 2 of the Swamp)
 T - a wand of confusion (33/48)
   (You found it on level 10 of the Dungeon)
Scrolls
 g - 5 scrolls of immolation {!r}
 j - 3 scrolls of fog
 k - 14 scrolls of remove curse {@r2}
 m - 3 scrolls of fear
 v - a scroll of silence {unknown}
 D - 6 scrolls of recharging
 G - 6 scrolls of identify {@r1}
 W - 7 scrolls of magic mapping
 Y - 7 scrolls of teleportation {@r4}
Potions
 a - 3 potions of haste {@q3}
 e - a potion of might {unknown}
 l - 5 potions of ambrosia
 o - 4 potions of flight
 s - 16 potions of curing {@q1}
 A - a potion of resistance {unknown}
 F - 2 potions of magic {unknown}
 H - 3 potions of mutation {!q}
 L - 6 potions of agility
 Q - 2 potions of cancellation
 R - a potion of lignification {unknown}
 V - a potion of invisibility
 X - a potion of degeneration {unknown}
Books
 b - a book of Minor Magic
   (You found it on level 2 of the Swamp)
Miscellaneous
 t - a lamp of fire
   (You found it on level 14 of the Dungeon)
 w - a box of beasts
 N - a phial of floods
   (You found it on level 6 of the Lair of Beasts)
Comestibles
 h - 38 fruits
 n - 15 meat rations
 q - 11 bread rations
 z - a chunk of flesh
 P - 13 royal jellies


   Skills:
 + Level 12.0 Fighting
   Level 4.4 Short Blades
 - Level 14.0 Maces & Flails
 - Level 1.7 Throwing
 * Level 11.9 Armour
 - Level 6.5 Dodging
 - Level 6.4 Stealth
 - Level 4.0 Shields
 + Level 11.7 Invocations
 + Level 6.1 Evocations


You had 15 spell levels left.
You didn't know any spells.

Dungeon Overview and Level Annotations

Branches:
Dungeon (15/15)            Temple (1/1) D:5            Lair (6/6) D:11
  Swamp (3/4) Lair:3        Snake (0/4) Lair:4        Slime (0/5) Lair:6
    Orc (2/2) D:10            Elf (0/3) Orc:2        Vaults (0/5) D:14
 Depths (0/5) D:15

Altars:
Ashenzari
Cheibriados
Dithmenos
Elyvilon
Fedhas
Gozag
Hepliaklqana
Kikubaaqudgha
Makhleb
Nemelex Xobeh
Okawaru
Qazlal
Ru
Sif Muna
Trog
Uskayaw
Vehumet
Wu Jian
Xom
Yredelemnul
Zin
The Shining One
Beogh

Shops:
D:4 [=:(}   D:6 (   D:7 [%[   Orc:1 (   Orc:2 ([!%

Annotations:
D:5 Ijyb
Lair:2 exclusion: 2 oklob plants
Lair:6 exclusion: 5 oklob plants
Swamp:3 Nikola


Innate Abilities, Weirdness & Mutations

You have razor-sharp teeth.
You heal very quickly.
When hurt, damage is shared between your health and your magic reserves.
Your bite disrupts and absorbs the magic of your enemies.
Potions cannot restore your health.
You are immune to rotting.


Message History

Nikola mumbles some strange words.
You hear a mighty clap of thunder!
The lightning arc hits the briar patch.
The briar patch is destroyed!
The lightning arc hits your skeletal warrior.
The lightning arc hits your profane servitor.
Your profane servitor resists.
The lightning arc hits your profane servitor.
Your profane servitor resists.
The lightning arc hits you!
* * * LOW HITPOINT WARNING * * *
The lightning arc hits your profane servitor.
Your profane servitor resists.
Your profane servitor hits Nikola with a vampiric demon whip.
Your profane servitor draws strength from Nikola's injuries!
Your profane servitor is healed.
Your profane servitor hits Nikola but does no damage.
You hear a croak.
You hear a deafening roar!
You hear a shout! x2
Found a stone staircase leading up.
Unknown command.
Unknown command.
Unknown command.
Okay, then.
Okay, then.
Unknown command.
Here: Nikola, wielding a rapier of electrocution, wearing a runed cloak and wearing a pair of gloves (moderately wounded, lightly drained, umbra, possessable) Some shallow water.
Okay, then.
You feel yourself speed up.
Your profane servitor hits Nikola but does no damage.
Your profane servitor barely misses Nikola.
Nikola mumbles some strange words.
Nikola blinks!
Unknown command.
Your vampire knight casts a spell.
Your vampire knight flickers and vanishes for a moment.
You swap places.
You barely miss Nikola. You thrash Nikola!! Your bite misses Nikola.
Your skeletal warrior hits Nikola with a battleaxe!
Your plate armour prevents you from hitting Nikola.
Your bite misses Nikola.
Nikola mumbles some strange words.
You hear a mighty clap of thunder!
The lightning arc hits you!
* * * LOW HITPOINT WARNING * * *
The lightning arc hits your vampire knight.
The lightning arc hits you!
You die...
Your body rises from the dead as a mindless zombie.

♣♣♣♣ ...≈♣ ♣♣♣...♣
♣♣≈≈≈≈♣
♣≈≈≈≈≈.♣♣.≈≈≈.♣
♣♣.≈≈≈≈..≈≈≈≈.♣♣
♣♣≈..≈≈≈P)≈≈≈≈§.♣
♣♣♣.....≈≈≈P≈≈≈≈≈.♣
♣.....≈≈≈..@A≈≈≈.≈♣<
♣.....≈≈V@z≈A≈≈..≈.
♣♣♣≈.≈≈.≈>.zD.V≈..≈.≈
..≈...≈.V...♣..≈♣≈≈.≈
≈≈..♣♣..♣♣♣♣≈≈≈♣♣ ♣
≈≈..♣≈≈≈≈♣ ≈≈≈.♣
≈....≈≈z♣♣♣♣..≈♣
...≈≈≈Vz♣♣♣♣♣♣♣♣
♣♣.≈≈≈.DVVV♣
..≈...♣≈≈≈≈≈≈♣


You could see Nikola, a friendly bone dragon, 2 friendly profane servitors, 2
friendly vampire knights, 2 friendly skeletal warriors and a friendly vampire
(invisible).

Vanquished Creatures
  A thorn hunter (Swamp:3)
  An orc warlord (Orc:2)
  Nessos (Orc:2)
  A dire elephant (Lair:5)
  A yellow draconian (Abyss:1)
  A great orb of eyes (D:15)
  10 hydras
  Erica (Lair:2)
  An alligator (Swamp:3)
  2 centaur warriors (D:14)
  4 death yaks
  8 two-headed ogres
  The ghost of Protee the Grappler, a novice DrTm (D:8)
  2 wretched stars (Abyss:1)
  A spriggan druid (Swamp:2)
  3 unseen horrors
  10 skeletal warriors
  2 swamp dragons (Swamp:2)
  A wizard (D:14)
  Pikel (D:5)
  4 orc knights
  3 ugly things (D:14)
  5 cyclopes
  A manticore (D:14)
  18 elephants
  A large abomination (Abyss:1)
  3 black mambas (Lair:2)
  3 centaur zombies
  Psyche (D:11)
  2 molten gargoyles (D:14)
  A gargoyle (D:11)
  8 spiny frogs
  A storm dragon simulacrum (D:15)
  A centaur skeleton (D:14)
  An efreet (D:13)
  4 komodo dragons
  5 rime drakes (Lair:4)
  A freezing wraith (D:14)
  4 trolls
  2 ancient zymes (Abyss:1)
  A tyrant leech (Swamp:2)
  9 polar bears
  Grinder (D:4)
  Prince Ribbit (D:9)
  5 hornets
  10 slime creatures
  12 blink frogs
  2 dream sheep (Lair:6)
  5 hippogriffs
  2 bog bodies (Swamp:1)
  A centaur simulacrum (D:14)
  A shadow (Swamp:1)
  13 spriggans
  3 wraiths (D:11)
  13 yaks
  A vampire (D:13)
  A wyvern (D:15)
  6 basilisks
  16 humans (D:14)
  A fire elemental (D:15)
  2 hungry ghosts
  6 steam dragons
  11 vampire mosquitoes
  A neqoxec (Abyss:1)
  Grum (D:10)
  6 swamp worms
  Menkaure (D:6)
  7 insubstantial wisps
  4 nagas (Lair:4)
  2 small abominations
  4 wargs
  2 acid dragons
  2 soldier ants (D:11)
  7 water moccasins
  6 porcupines
  Duvessa (D:5)
  5 black bears
  2 swamp drakes (Swamp:1)
  7 sky beasts
  A slave (D:5)
  29 orc warriors
  4 ice beasts
  3 phantoms
  11 ogres
  20 wolves
  4 boggarts (Lair:6)
  2 necrophages
  14 centaurs
  15 crocodiles
  4 big kobolds
  14 bullfrogs
  3 gnoll sergeants (D:10)
  Dowan (D:5)
  5 scorpions
  6 killer bees (D:13)
  18 wights
  A howler monkey (D:5)
  2 electric eels (Lair:6)
  8 crimson imps
  5 lava snakes (D:14)
  A bullfrog zombie (D:12)
  2 quasits
  A bullfrog skeleton (D:4)
  A gnoll shaman (D:5)
  2 hounds
  14 orc priests
  A jelly (D:8)
  18 orc wizards
  An iguana (D:13)
  6 worker ants
  2 killer bee zombies (D:7)
  A hound skeleton (D:10)
  A howler monkey zombie (D:11)
  2 worker ant zombies
  9 gnolls
  18 adders
  5 shadow imps
  An ooze (D:2)
  A worm (D:11)
  2 dart slugs
  7 leopard geckos
  66 orcs
  3 ball pythons (D:3)
  2 giant cockroaches (D:1)
  6 goblins
  4 hobgoblins
  7 jackals
  3 quokkas
  6 bats
  6 frilled lizards
  16 kobolds
  2 quokka skeletons
  2 quokka zombies (D:6)
  5 rats
  5 briar patches
702 creatures vanquished.

Vanquished Creatures (collateral kills)
  A thorn hunter (Swamp:2)
  Azrael (D:15)
  Josephine (D:11)
  9 hydras
  An ogre mage (D:15)
  2 two-headed ogres (D:15)
  5 alligators (Swamp:2)
  2 death yaks
  An orc high priest (Orc:2)
  A deep troll (shapeshifter) (D:15)
  A shambling mangrove (Swamp:2)
  2 swamp dragons (Swamp:2)
  A deep elf archer (D:15)
  2 lindwurms (Lair:4)
  2 ugly things (D:14)
  A deep elf mage (D:13)
  A manticore (D:15)
  5 slime creatures
  2 salamanders
  A cyclops (D:10)
  8 elephants
  A centaur zombie (D:15)
  A centaur skeleton (D:15)
  7 spiny frogs
  6 rime drakes
  A tyrant leech (Swamp:1)
  3 polar bears
  2 trolls
  3 hornets
  2 bog bodies (Swamp:1)
  2 hippogriffs
  6 blink frogs
  A shadow (D:14)
  3 spriggans
  3 yaks (Lair:3)
  A wraith (D:11)
  2 fire elementals (D:15)
  A basilisk (Lair:6)
  4 steam dragons (Lair:4)
  4 vampire mosquitoes
  3 swamp worms
  5 insubstantial wisps
  A water moccasin (Lair:1)
  2 acid dragons
  A porcupine (Lair:5)
  A hell hound (D:15)
  11 orc warriors
  An eye of draining (D:14)
  5 swamp drakes
  7 wolves
  7 ogres
  A wolf (shapeshifter) (D:14)
  A centaur (D:14)
  3 crocodiles
  A big kobold (D:10)
  2 gnoll sergeants (D:10)
  A scorpion (D:12)
  A wight (D:11)
  6 orc wizards
  4 orc priests (Orc:2)
  5 gnolls
  16 orcs
  7 briar patches
  2 butterflies (Lair:1)
  33 fungi
  19 plants
249 creatures vanquished.

Vanquished Creatures (others)
  A skeletal warrior (Lair:6)
  A flayed ghost (D:15)
  4 phantasmal warriors
  2 ugly thing zombies (D:14)
  A yellow draconian zombie (Abyss:1)
  8 flying skulls
  A wraith (Lair:4)
  A vampire (D:13)
  A slave (D:5)
  4 two-headed ogre zombies
  A spiny frog zombie (Lair:6)
  A spectral ogre (Swamp:2)
  2 blink frog zombies
  A hornet zombie (Lair:6)
  4 elephant zombies
  A phantom (D:5)
  2 vampire mosquito zombies (D:14)
  2 rime drake zombies (Lair:4)
  An elephant skeleton (Lair:5)
  4 yak zombies (D:11)
  A spriggan zombie (Lair:6)
  A polar bear zombie (Lair:6)
  5 wights
  4 wolf zombies
  2 centaur zombies
  A black bear zombie (Lair:6)
  2 human zombies (D:14)
  3 killer bee zombies (D:13)
  An acid dragon zombie (D:11)
  A crocodile zombie (Lair:6)
  2 ogre zombies
  A sky beast zombie (D:10)
  A naga zombie (Lair:4)
  2 mummies (D:11)
  3 gnolls (D:5)
  3 swamp drake zombies (Swamp:1)
  An adder (D:5)
  2 gnoll zombies (D:10)
  A steam dragon zombie (Lair:4)
  An orc (D:5)
  A leopard gecko zombie (D:10)
  4 orc zombies
  A briar patch (Swamp:3)
  25 fungi
  4 plants
116 creatures vanquished.

Grand Total: 1067 creatures vanquished

Notes
Turn   | Place    | Note
-------+----------+-------------------------------------------
     0 | D:1      | Lochraine the Vine Stalker Assassin began the quest for the Orb.
     0 | D:1      | Reached XP level 1. HP: 11/11 MP: 2/2
   240 | D:1      | Reached XP level 2. HP: 7/15 MP: 3/3
   609 | D:1      | Reached skill level 5 in Stealth
   683 | D:1      | Reached XP level 3. HP: 16/18 MP: 4/4
  1335 | D:2      | Gained mutation: Your natural rate of healing is unusually fast. [Vine Stalker growth]
  1335 | D:2      | Reached XP level 4. HP: 21/23 MP: 5/5
  1587 | D:2      | Found a snail-covered altar of Cheibriados.
  1587 | D:2      | Found a deep blue altar of Sif Muna.
  2011 | D:3      | Reached skill level 1 in Shields
  2011 | D:3      | Reached XP level 5. HP: 28/28 MP: 6/6
  2066 | D:3      | Noticed an ogre
  2313 | D:3      | Found a shattered altar of Ashenzari.
  2578 | D:3      | Killed an ogre
  2578 | D:3      | Reached XP level 6. HP: 32/32 MP: 7/7
  2919 | D:3      | Found a glowing silver altar of Zin.
  2919 | D:3      | Found a glowing golden altar of the Shining One.
  2919 | D:3      | Found a white marble altar of Elyvilon.
  3011 | D:4      | Found Xaimaf's Jewellery Emporium.
  3049 | D:4      | Reached XP level 7. HP: 36/36 MP: 8/8
  3096 | D:4      | Found Uzucehy's Book Emporium.
  3171 | D:4      | Got an ancient mace
  3172 | D:4      | Identified the +8 mace of Uruasofa {crush, +Rage rPois rC++ Dex-3} (You found it on level 4 of the Dungeon)
  3182 | D:4      | Noticed Grinder
  3187 | D:4      | Reached skill level 11 in Maces & Flails
  3187 | D:4      | Gained mutation: You have razor-sharp teeth. [Vine Stalker growth]
  3187 | D:4      | Reached XP level 8. HP: 40/40 MP: 9/9
  3191 | D:4      | Killed Grinder
  3337 | D:4      | Found Lamaedei's Antique Armour Shop.
  3340 | D:4      | Bought an embroidered scarf for 176 gold pieces
  3388 | D:4      | Found Guttes's Weapon Shop.
  3572 | D:4      | Found Jipt's Gadget Shop.
  3606 | D:5      | Entered Level 5 of the Dungeon
  3631 | D:5      | Noticed Pikel
  3642 | D:5      | Killed Pikel
  3642 | D:5      | Reached XP level 9. HP: 45/45 MP: 10/10
  3891 | D:5      | Found a staircase to the Ecumenical Temple.
  3907 | Temple   | Entered the Ecumenical Temple
  4012 | Temple   | Became a worshipper of Yredelemnul the Dark
  4126 | D:5      | Noticed Ijyb
  4292 | D:5      | Noticed Duvessa
  4301 | D:5      | Noticed Dowan
  4306 | D:5      | Killed Duvessa
  4306 | D:5      | Reached skill level 1 in Invocations
  4314 | D:5      | Killed Dowan
  4401 | D:5      | Found a burning altar of Makhleb.
  4764 | D:6      | Found Egoteb's Weapon Shop.
  4773 | D:6      | Reached skill level 1 in Armour
  4977 | D:6      | Reached * piety under Yredelemnul
  5120 | D:6      | Noticed Menkaure
  5133 | D:6      | Killed Menkaure
  5361 | D:6      | Found an iron altar of Okawaru.
  5401 | D:6      | Found a shimmering altar of Xom.
  5552 | D:7      | Found Metojo Ewoph's Antique Armour Emporium.
  5579 | D:7      | Bought a glowing helmet for 180 gold pieces
  5718 | D:7      | Found Ijeasa's Antique Armour Shop.
  5731 | D:7      | Reached skill level 12 in Maces & Flails
  5731 | D:7      | Reached XP level 10. HP: 51/51 MP: 12/12
  6081 | D:7      | Found Arhoomm's Food Shop.
  6266 | D:7      | Reached ** piety under Yredelemnul
  6340 | D:8      | Noticed Protee's ghost (novice DrTm)
  6353 | D:8      | Killed Protee's ghost
  6657 | D:8      | Noticed a two-headed ogre
  6683 | D:8      | Found a hide-covered altar of Uskayaw.
  6975 | D:8      | Noticed a two-headed ogre
  7094 | D:8      | Killed a two-headed ogre
  7094 | D:8      | Reached skill level 5 in Fighting
  7550 | D:8      | Killed a two-headed ogre
  7794 | D:9      | Found an opulent altar of Gozag.
  7917 | D:9      | Noticed Prince Ribbit
  7924 | D:9      | Killed Prince Ribbit
  7924 | D:9      | Reached XP level 11. HP: 56/56 MP: 11/14
  8212 | D:10     | Entered Level 10 of the Dungeon
  8433 | D:10     | Noticed Grum
  8438 | D:10     | Noticed a two-headed ogre
  8457 | D:10     | Reached *** piety under Yredelemnul
  8463 | D:10     | Killed a two-headed ogre
  8482 | D:10     | Killed Grum
  8627 | D:10     | Noticed a cyclops
  8634 | D:10     | Killed a cyclops
  8660 | D:10     | Noticed a two-headed ogre
  8666 | D:10     | Killed a two-headed ogre
  8666 | D:10     | Reached skill level 13 in Maces & Flails
  8804 | D:10     | Found a staircase to the Orcish Mines.
  8818 | D:10     | Reached skill level 5 in Invocations
  8846 | D:10     | Your ally Grum died
  9062 | D:7      | Bought an encrusted scale mail for 207 gold pieces
  9073 | D:7      | Identified the +4 scale mail of the Six Lies {Int+3 Dex+3} (You bought it in a shop on level 7 of the Dungeon)
  9338 | D:10     | Received a gift from Yredelemnul (a mummy)
  9730 | D:11     | Noticed Psyche
  9786 | D:11     | Cast into level 1 of the Abyss (Psyche)
  9902 | Abyss:1  | Noticed a Hell Sentinel
  9912 | Abyss:1  | Noticed a large abomination
  9931 | Abyss:1  | Killed a large abomination
  9931 | Abyss:1  | Reached **** piety under Yredelemnul
 10002 | Abyss:1  | Found a corrupted altar of Lugonu.
 10044 | Abyss:1  | Noticed a wretched star
 10058 | Abyss:1  | Killed a wretched star
 10128 | Abyss:1  | Noticed a yellow draconian
 10139 | Abyss:1  | Killed a yellow draconian
 10139 | Abyss:1  | Gained mutation: You heal very quickly. [Vine Stalker growth]
 10139 | Abyss:1  | Reached XP level 12. HP: 48/62 MP: 17/17
 10253 | Abyss:1  | Noticed a wretched star
 10255 | Abyss:1  | Reached skill level 5 in Armour
 10260 | Abyss:1  | Killed a wretched star
 10333 | Abyss:1  | Noticed a starcursed mass
 10334 | D:11     | Escaped the Abyss
 10412 | D:11     | Killed Psyche
 10435 | D:11     | Found a staircase to the Lair.
 10764 | D:11     | Noticed Josephine
 10905 | D:11     | Killed Josephine
 10932 | D:11     | Received a gift from Yredelemnul (a mummy)
 11059 | D:11     | Reached skill level 14 in Maces & Flails
 11152 | D:11     | Received a gift from Yredelemnul (a wight)
 11304 | D:11     | Upgraded the game from 0.20-a0-1122-gb7cbeb9 to 0.20-a0-1124-g2e29d97
 11321 | Lair:1   | Entered Level 1 of the Lair of Beasts
 11391 | Lair:1   | Reached skill level 1 in Dodging
 11558 | Lair:1   | Received a gift from Yredelemnul (a wight)
 12212 | Lair:2   | Got a crude dagger
 12213 | Lair:2   | Identified the +3 dagger "Hyjoroeg" {antimagic, *Noise *Corrode Str+7 Dex+4} (You found it on level 2 of the Lair of Beasts)
 12247 | Lair:2   | Identified a scroll of acquirement
 12305 | Lair:2   | Noticed a four-headed hydra
 12316 | Lair:2   | Killed a four-headed hydra
 12316 | Lair:2   | Reached XP level 13. HP: 55/68 MP: 19/19
 12397 | Lair:2   | Received a gift from Yredelemnul (a wight)
 12529 | Lair:2   | Noticed Erica
 12536 | Lair:2   | Killed Erica
 12572 | Lair:2   | Reached ***** piety under Yredelemnul
 12922 | Lair:2   | Received a gift from Yredelemnul (a wight)
 13206 | Lair:3   | Received a gift from Yredelemnul (a wraith)
 13335 | Lair:3   | Found a staircase to the Swamp.
 13422 | Lair:3   | Found a labyrinth entrance.
 13829 | Lair:4   | Received a gift from Yredelemnul (4 flying skulls)
 14208 | Lair:4   | Found a staircase to the Snake Pit.
 14441 | Lair:4   | Got an ichor-stained leather armour
 14569 | Lair:4   | Identified the cursed +1 leather armour of the Will of the Gods {Str+3} (You found it on level 4 of the Lair of Beasts)
 14796 | Lair:5   | Reached XP level 14. HP: 75/75 MP: 21/21
 14821 | Lair:5   | Reached skill level 5 in Dodging
 15060 | Lair:5   | Noticed a dire elephant
 15085 | Lair:5   | Killed a dire elephant
 15210 | Lair:5   | Reached skill level 10 in Fighting
 15680 | Lair:6   | Entered Level 6 of the Lair of Beasts
 15875 | Lair:6   | Received a gift from Yredelemnul (a skeletal warrior)
 15900 | Lair:6   | Found a staircase to the Slime Pits.
 16115 | Lair:6   | Received a gift from Yredelemnul (a phantasmal warrior)
 16317 | Lair:6   | Received a gift from Yredelemnul (a vampire)
 16467 | Lair:6   | Reached skill level 10 in Invocations
 17079 | D:12     | Reached skill level 1 in Evocations
 17225 | D:12     | Reached ****** piety under Yredelemnul
 17325 | D:12     | Got a scorched iron ring
 17327 | D:12     | Identified the ring "Zenog" {Int+3 Dex+2 Slay+2 Stlth-} (You found it on level 12 of the Dungeon)
 17425 | D:12     | Received a gift from Yredelemnul (4 flying skulls)
 17823 | D:12     | Reached XP level 15. HP: 81/81 MP: 23/23
 18344 | D:13     | Received a gift from Yredelemnul (a phantasmal warrior)
 18496 | D:13     | Got an ancient scarf
 18507 | D:13     | Identified the scarf "Wetem" {rPois SInv} (You acquired it on level 13 of the Dungeon)
 18584 | D:13     | You fall through a shaft for 2 floors!
 18584 | D:15     | Entered Level 15 of the Dungeon
 18929 | D:14     | Received a gift from Yredelemnul (a phantasmal warrior)
 19029 | D:14     | Found a gate to the Vaults.
 19124 | D:14     | Reached skill level 10 in Armour
 19149 | D:14     | Received a gift from Yredelemnul (a phantasmal warrior)
 19420 | D:14     | Received a gift from Yredelemnul (a vampire knight)
 19854 | D:13     | Received a gift from Yredelemnul (a bone dragon)
 20416 | D:15     | Received a gift from Yredelemnul (a vampire knight)
 20521 | D:15     | Received a gift from Yredelemnul (a flayed ghost)
 20605 | D:15     | Killed Azrael
 20891 | D:15     | Found a staircase to the Depths.
 20900 | D:15     | Reached XP level 16. HP: 88/88 MP: 25/25
 20903 | D:15     | Received a gift from Yredelemnul (a skeletal warrior)
 21155 | Orc:1    | Entered Level 1 of the Orcish Mines
 21252 | Orc:1    | Found Gaynerph's Antique Weapon Emporium.
 21519 | Orc:2    | Entered Level 2 of the Orcish Mines
 21542 | Orc:2    | Noticed Erolcha
 21552 | Orc:2    | Reached skill level 5 in Evocations
 21556 | Orc:2    | Killed Erolcha
 21556 | Orc:2    | Enslaved Erolcha
 21640 | Orc:2    | Found a staircase to the Elven Halls.
 21665 | Orc:2    | Found a roughly hewn altar of Beogh.
 21711 | Orc:2    | Found a roughly hewn altar of Beogh.
 21772 | Orc:2    | Noticed Nessos
 21782 | Orc:2    | Killed Nessos
 21920 | Orc:2    | Received a gift from Yredelemnul (a profane servitor)
 21927 | Orc:2    | Found Hubul's Antique Armour Boutique.
 21935 | Orc:2    | Found a roughly hewn altar of Beogh.
 21940 | Orc:2    | Found Hiwisefe's Antique Weapon Shop.
 21962 | Orc:2    | Received a gift from Yredelemnul (a profane servitor)
 22057 | Orc:2    | Found a roughly hewn altar of Beogh.
 22155 | Orc:2    | Found a roughly hewn altar of Beogh.
 22156 | Orc:2    | Found Doduebax's Distillery.
 22187 | Orc:2    | Bought a potion of agility for 64 gold pieces
 22187 | Orc:2    | Bought a potion of agility for 64 gold pieces
 22187 | Orc:2    | Bought a potion of haste for 160 gold pieces
 22187 | Orc:2    | Bought a potion of invisibility for 128 gold pieces
 22247 | Orc:2    | Found a roughly hewn altar of Beogh.
 22259 | Orc:2    | Found Ijizotock's Food Boutique.
 22541 | Swamp:1  | Entered Level 1 of the Swamp
 22657 | Swamp:1  | You fall through a shaft!
 23225 | Swamp:2  | Your ally Erolcha died
 23351 | Swamp:2  | Received a gift from Yredelemnul (a skeletal warrior)
 23749 | Swamp:2  | Received a gift from Yredelemnul (a vampire)
 23862 | Swamp:2  | Noticed a thorn hunter
 23876 | Swamp:2  | Killed a thorn hunter
 23998 | Swamp:3  | Noticed a thorn hunter
 24002 | Swamp:3  | Noticed Nikola
 24013 | Swamp:3  | Killed a thorn hunter
 24022 | Swamp:3  | Killed from afar by Nikola

Vault maps used:
D:1:      dpeg_arrival_renting
D:2:      amethyst_overflow_temple_binary
D:3:      good_gods_mini_temple, lemuel_coloured_pillars_altar, first_bread
D:4:      serial_shops, shop, kennysheep_little_box, kennysheep_mini,
          nicolae_shop_waterfront, shop, uniq_grinder
D:5:      lemuel_round_altar, minmay_temple_entry_statues, uniq_pikel,
          uniq_ijyb, uniq_duvessa
D:6:      serial_shops, shop_statue, basic_altar, okawaru_metal_pillars_3,
          uniq_menkaure
D:7:      serial_shops, nicolae_shop_competitors_out_of_business,
          nicolae_shop_behind_doors, nicolae_shop_stone
D:8:      lemuel_round_altar, serial_co_window_serial, co_window_paths_a,
          co_window_paths_a, co_window_paths_a, co_window_of_opportunity_a,
          co_window_corner_a, co_window_paths_a, co_window_unsneaky_path_c,
          co_window_unsneaky_path_e, co_window_corner_ca, co_window_broadway_c,
          co_window_paths_c, co_window_4corner_b
D:9:      grunt_gozag_statues, uniq_prince_ribbit1
D:10:     kennysheep_orc_monster_closet_entryway, uniq_grum
D:11:     erik_lair_orcish_takeover, hangedman_pestilent_swarm, uniq_josephine,
          uniq_psyche
D:14:     cheibrodos_magma_flow, david_vaults_3
D:15:     hangedman_depths_entry_try_elsewhere_first, minmay_misc_feat_rugged,
          minmay_misc_feat_plants, uniq_azrael
Temple:   dshaligram_water_room_temple
Lair:1:   grunt_megastairs_1, lemuel_fruit_fields, infiniplex_staircase_pool_2
Lair:2:   minmay_lair_oklob_tunnel, cheibrodos_lair_lostbears,
          minmay_lair_oklob_chamber, uniq_erica
Lair:3:   minmay_swamp_entry_wisps, lab_entry_generic
Lair:4:   minmay_snake_entry_guardpost_small, bobbens_dragon_lair_wall
Lair:5:   mu_elephants_graveyard, lemuel_fruit_fields
Lair:6:   minmay_lair_end_enchanted_forest, minmay_slime_entry_oklob_open
Swamp:1:  hangedman_swamp_ruin_wall, swamp_pool5
Swamp:2:  evilmike_swamp_ruin_house_1, swamp_pool2, st_swamp_mini,
          infiniplex_staircase_pool
Swamp:3:  evilmike_swamp_ruin_house_6, uniq_nikola
Orc:1:    serial_shops, shop
Orc:2:    grunt_orc_community_town_hall, grunt_orc_community_big_house_2,
          grunt_orc_community_big_house_1, grunt_orc_community_house_3,
          grunt_orc_community_house_3, grunt_orc_community_house_3,
          grunt_orc_community_house_1, grunt_orc_community_house_2, uniq_nessos,
          uniq_erolcha

Skill      XL: |  1  2  3  4  5  6  7  8  9 10 11 12 13 14 15 16 |
---------------+-------------------------------------------------+-----
Fighting       | 2 3 4 5 6 7 9 10 11 12 | 12.0
Short Blades   | 2 3 4 |  4.4
Stealth        | 5 6 |  6.4
Shields        | 1 2 3 4 |  4.0
Maces & Flails | 11 12 13 14 | 14.0
Invocations    | 2 3 5 6 8 10 11 | 11.7
Armour         | 1 3 4 6 7 9 10 11 | 11.9
Dodging        | 2 4 6 |  6.5
Evocations     | 1 4 6 |  6.1
Throwing       | |  1.7

Action                   |  1- 3 |  4- 6 |  7- 9 | 10-12 | 13-15 | 16-18 || total
-------------------------+-------+-------+-------+-------+-------+-------++-------
Melee: Dagger            |    90 |   127 |    11 |       |       |       ||   228
       Bite              |    28 |    34 |    37 |   173 |   473 |   132 ||   877
       Mace              |       |       |   121 |   534 |    35 |       ||   690
       Demon whip        |       |       |       |     8 |  1089 |   338 ||  1435
 Fire: Blowgun           |       |    27 |     4 |    23 |       |       ||    54
Throw: Throwing net      |       |       |       |       |     1 |       ||     1
Invok: Animate Remains   |       |       |       |     4 |       |       ||     4
       Animate Dead      |       |       |       |    16 |    38 |     9 ||    63
       Recall Undead Sla |       |       |       |     1 |    10 |     6 ||    17
       Enslave Soul      |       |       |       |       |       |     2 ||     2
       Drain Life        |       |       |       |       |       |     1 ||     1
 Abil: Evoke Berserk Rag |       |       |     4 |     8 |     1 |       ||    13
Evoke: Wand              |       |       |     7 |    10 |     6 |     2 ||    25
  Use: Scroll            |       |     3 |    18 |     9 |    16 |     1 ||    47
       Potion            |       |     1 |     1 |     2 |       |     1 ||     5
 Stab: Sleeping          |     3 |     2 |     3 |     8 |     1 |       ||    17
       Invisible         |       |       |       |     2 |       |       ||     2
       Distracted        |       |       |       |     1 |     7 |     3 ||    11
       Confused          |       |       |       |     1 |       |       ||     1
  Eat: Chunk             |     1 |     6 |    12 |    23 |    36 |    13 ||    91
       Royal jelly       |       |       |       |     5 |     2 |       ||     7
       Fruit             |       |       |       |     1 |     1 |       ||     2
Armor: Robe              |     3 |       |       |       |       |       ||     3
       Ring mail         |    18 |       |       |       |       |       ||    18
       Scale mail        |    16 |    51 |    28 |   124 |   133 |       ||   352
       Plate armour      |       |       |       |       |   144 |    85 ||   229
Dodge: Dodged            |    46 |    39 |    45 |   244 |   427 |   138 ||   939
       Deflected         |       |       |     7 |     8 |     5 |       ||    20
Block: Buckler           |       |    17 |    19 |    84 |   200 |    71 ||   391
